Map: Pillars of Gold LE

Players

Massa

  • Race: Terran Terran
  • League: Platinum
  • Spawn Location: 1:00

Kera - Winner!

  • Race: Terran Terran
  • League: Diamond
  • Spawn Location: 7:00

VOD

Have the link to the VOD?

Description

Time

  • Played on: Oct. 3, 2020, 8:53 a.m.
  • Length: 16:47
Show
View Real Time Build Order
Export as new Build Order

Massa Terran 

Build Orders: Reaper Expand 

Get SALT Encoding   

  12  0:00  SCV  
  13  0:12  SCV  
  14  0:18  Supply Depot  
  14  0:24  SCV  
  15  0:39  SCV  
  15  0:40  Barracks  
  16  0:51  SCV  
  16  0:52  Refinery  
  17  1:08  SCV  
  18  1:21  SCV  
  19  1:33  Orbital Command  
  19  1:35  Reaper  
  20  1:46  Command Center  
  20  1:59  SCV  
  21  2:07  Marine  
  22  2:11  Supply Depot  
  22  2:18  Factory  
  22  2:26  SCV  
  23  2:30  Barracks Reactor  
  23  2:38  SCV  
  23  2:52  SCV  
  24  3:04  SCV  
  25  3:16  SCV  
  26  3:21  Starport  
  26  3:24  Supply Depot  
  26  3:28  SCV  
  26  3:34  Orbital Command  
  27  3:39  Bunker  
  27  3:40  Hellion x2  
  31  3:41  Marine  
  32  3:52  SCV  
  33  3:56  Engineering Bay  
  33  3:59  Marine  
  33  4:00  Refinery, Medivac  
  33  4:01  Hellion x2  
  33  4:02  SCV  
  41  4:04  SCV  
  41  4:14  SCV  
  41  4:16  SCV  
  43  4:17  Marine  
  44  4:25  Hellion x2  
  44  4:26  SCV  
  49  4:46  Hellion x2  
  49  4:51  Missile Turret  
  53  4:55  Supply Depot  
  53  5:00  Supply Depot  
  53  5:01  Missile Turret  
  53  5:04  Barracks Tech Lab  
  53  5:05  Viking  
  54  5:21  Widow Mine x2  
  54  5:27  Terran Infantry Weapons Level 1  
  58  5:28  Supply Depot  
  58  5:29  Stimpack  
  58  5:35  Marauder  
  59  5:43  Hellion  
  61  5:50  Hellion  
  61  5:56  Marauder  
  65  5:59  Missile Turret  
  65  6:01  Missile Turret  
  65  6:02  Missile Turret  
  65  6:03  SCV x2  
  67  6:15  SCV x2  
  69  6:18  Barracks  
  69  6:20  Factory Tech Lab  
  69  6:21  Supply Depot x2  
  69  6:24  Supply Depot  
  69  6:43  Marauder  
  71  6:49  Command Center  
  71  6:50  Medivac  
  71  6:53  Siege Tank  
  76  6:57  Refinery  
  76  7:00  Refinery  
  76  7:03  Barracks  
  76  7:04  Marauder  
  78  7:12  Barracks  
  78  7:20  Medivac  
  78  7:22  Terran Infantry Armor Level 1  
  80  7:24  Marine x2  
  82  7:30  Siege Tank  
  85  7:38  Armory  
  85  7:41  Marine  
  85  7:42  Marine  
  75  7:59  Marine x2  
  77  8:15  Marauder  
  77  8:17  Barracks Reactor, Marine x2  
  81  8:20  Barracks Reactor  
  81  8:25  Siege Tank  
  84  8:27  SCV x2  
  86  8:35  Marine x2  
  86  8:36  Marauder  
  86  8:38  Combat Shield  
  86  8:39  SCV x2  
  92  8:49  SCV  
  92  8:51  SCV x2  
  92  8:53  Marine  
  96  8:58  Marauder  
  99  9:08  Orbital Command  
  98  9:10  Marine  
  98  9:11  Marine x3  
  102  9:19  Marauder  
  104  9:26  Starport Reactor  
  104  9:37  SCV x3  
  107  9:39  Sensor Tower  
  107  9:40  Marauder  
  109  9:51  Terran Vehicle Weapons Level 1  
  109  9:56  Supply Depot  
  109  9:59  Supply Depot  
  109  10:05  Sensor Tower  
  109  10:09  Terran Infantry Weapons Level 2  
  109  10:17  SCV x2, Marauder, Marine x4  
  121  10:21  SCV, Siege Tank  
  121  10:29  SCV x2  
  123  10:39  Marauder  
  123  11:03  Marauder  
  125  11:08  Marine x2, Supply Depot  
  125  11:12  Supply Depot  
  125  11:13  Supply Depot  
  125  11:29  Marine x4, Command Center, Supply Depot x2  
  125  11:30  SCV x2, Marauder, Supply Depot  
  125  11:31  Supply Depot  
  133  11:33  SCV, Marine  
  135  11:42  SCV x2  
  135  11:46  SCV  
  129  11:47  Marine  
  107  11:54  SCV x2  
  104  12:02  Marauder, Marine x3  
  107  12:10  Viking x2  
  107  12:14  Siege Tank  
  112  12:24  Marauder  
  86  12:40  SCV, Viking x2  
  86  12:41  SCV x2  
  93  12:50  Marauder, Marine x6  
  82  12:53  SCV x2  
  78  13:05  Siege Tank  
  67  13:07  Marine  
  67  13:08  Marine x5  
  67  13:10  Viking x2  
  67  13:11  SCV x2, Marauder  
  82  13:14  Orbital Command  
  81  13:25  Marine  
  82  13:32  Marauder  
  84  13:37  SCV x2, Siege Tank  
  84  13:40  Viking x2  
  93  13:49  SCV x2  
  93  13:54  Marauder  
  97  14:01  SCV  
  91  14:10  Viking x2  
  95  14:28  Sensor Tower  
  88  14:45  Marauder, Marine  
  88  14:46  Marine x5  
  93  15:03  Marine  
  93  15:04  Marine x5  
  94  15:07  Marauder  
  83  15:21  Marine  
  83  15:22  Marine x2  
  80  15:28  Marauder  
  80  15:35  Starport  
  80  15:39  Starport  
  80  15:40  Marine x6  
  84  15:50  Marauder  
  80  15:57  Marine  
  75  16:10  Marine  
  75  16:11  Marauder, Marine x4  
  57  16:14  Siege Tank  
  57  16:15  Marine  
  55  16:21  Starport Tech Lab  
  50  16:28  Marine x3  
Show
View Real Time Build Order
Export as new Build Order

Kera Terran - Winner!

Build Orders:  

Get SALT Encoding   

  12  0:00  SCV  
  13  0:12  SCV  
  14  0:18  Supply Depot  
  14  0:24  SCV  
  15  0:35  Refinery  
  15  0:40  SCV  
  16  0:46  Barracks  
  16  0:52  SCV  
  18  1:04  SCV  
  18  1:11  Supply Depot  
  18  1:16  SCV  
  19  1:23  Refinery  
  19  1:35  Reaper  
  19  1:39  Orbital Command  
  20  2:01  Factory  
  20  2:04  SCV  
  21  2:15  Marine  
  22  2:16  SCV  
  23  2:28  SCV  
  23  2:29  Command Center  
  24  2:44  SCV  
  24  2:46  Marine  
  24  2:50  Factory Tech Lab  
  26  2:54  Starport  
  26  3:05  SCV  
  27  3:07  Marine  
  28  3:36  Factory Tech Lab  
  28  3:37  Supply Depot  
  28  3:42  Raven  
  28  3:45  Barracks Tech Lab  
  30  3:58  Refinery, SCV  
  31  4:04  Orbital Command  
  31  4:13  Siege Tank  
  34  4:22  SCV  
  35  4:41  SCV  
  35  4:42  SCV  
  35  4:44  Marine  
  38  4:46  Stimpack  
  38  4:53  Barracks  
  38  4:54  Starport Reactor  
  38  5:26  SCV x2  
  40  5:37  Medivac x2  
  40  5:38  SCV x2, Siege Tank  
  40  5:39  Marine  
  50  5:48  Marine  
  51  5:50  Combat Shield  
  51  5:54  SCV x2  
  51  5:57  Engineering Bay, Marine  
  53  6:02  Armory  
  54  6:05  Supply Depot  
  54  6:07  Supply Depot  
  54  6:11  Command Center  
  54  6:26  Marine x2  
  54  6:44  Marine  
  56  6:47  Medivac  
  56  6:48  Medivac  
  56  6:49  Siege Tank  
  62  7:02  Factory  
  62  7:05  Barracks  
  62  7:08  Barracks Reactor  
  62  7:17  SCV x2  
  62  7:19  Refinery  
  64  7:22  Terran Infantry Weapons Level 1  
  64  7:23  Terran Vehicle Weapons Level 1  
  64  7:29  SCV  
  65  7:30  Orbital Command  
  65  7:31  Engineering Bay  
  65  7:36  SCV  
  66  7:41  SCV  
  67  7:56  Marine x3  
  66  7:59  Barracks Reactor  
  59  8:14  SCV  
  59  8:15  SCV  
  59  8:17  SCV  
  62  8:22  Marine  
  62  8:23  Marine x2  
  62  8:26  SCV  
  66  8:27  SCV  
  66  8:29  SCV  
  66  8:32  Terran Infantry Armor Level 1  
  68  8:38  SCV, Missile Turret  
  68  8:40  Marine x2, Siege Tank x2  
  68  8:41  Orbital Command  
  77  8:43  Medivac x2  
  77  8:44  Marine x2  
  77  8:45  Marine  
  84  8:58  Marine  
  84  8:59  Missile Turret  
  85  9:08  SCV x2, Marine x4  
  85  9:09  Supply Depot x2  
  91  9:10  Supply Depot  
  91  9:14  Siege Tank x2  
  91  9:16  Marine  
  91  9:17  Hi-Sec Auto Tracking  
  98  9:19  SCV  
  98  9:20  SCV x2  
  98  9:22  Missile Turret  
  101  9:28  Terran Vehicle Weapons Level 2  
  101  9:30  Marine  
  102  9:31  SCV  
  102  9:32  SCV x2  
  102  9:35  Supply Depot  
  102  9:37  Supply Depot  
  105  9:39  Missile Turret  
  105  9:44  Marine x2  
  105  9:45  Marine  
  108  9:46  Marine  
  109  9:54  SCV x3  
  112  10:00  Supply Depot  
  112  10:02  Supply Depot  
  112  10:04  Siege Tank  
  112  10:05  Siege Tank  
  112  10:06  SCV  
  119  10:11  Viking  
  121  10:14  Viking  
  121  10:19  SCV x3  
  126  10:31  SCV  
  126  10:36  Sensor Tower  
  125  10:53  Marine x3  
  125  10:54  Marine x2  
  130  11:01  Siege Tank x2  
  130  11:02  Viking  
  130  11:03  Viking  
  140  11:11  Marine  
  141  11:19  Marine x3  
  141  11:20  Marine  
  145  11:27  Terran Infantry Armor Level 2, Terran Infantry Weapons Level 2, Supply Depot  
  145  11:29  Marine, Supply Depot  
  146  11:33  Siege Tank x2  
  143  12:15  Marine x3  
  144  12:16  Siege Tank x2  
  129  12:38  Marine x3  
  129  12:56  Marine x5  
  132  13:11  Siege Tank  
  132  13:12  Siege Tank  
  138  13:14  Marine x3  
  127  14:08  Siege Tank x2  
  127  14:25  Starport  
  127  14:27  Starport  
  115  14:41  Marine x5  
  120  14:47  Refinery  
  120  14:48  Refinery  
  120  14:59  Marine x5  
  123  15:07  Command Center  
  120  15:16  Marine  
  120  15:17  Marine, Command Center  
  121  15:33  Siege Tank x2  
  121  15:35  Viking x2  
  131  15:37  Starport Reactor x2  
  131  16:04  Viking  
  131  16:10  Marine x5  
  140  16:28  Marine x5  
Tags
 
Add a new tag
Caveats
  • Supply blocks, unpowered buildings, or Contaminate may cause inaccurate times.
  • Supply counts are checked every 10 seconds.